 Dungeon Crawl Stone Soup version 0.21-a0-536-gdbbf329 (webtiles) character file.

74 pkoi the Slasher (level 4, 0/35 HPs)
             Began as a Formicid Fighter on Dec 14, 2017.
             Succumbed to a kobold's poison
             ... on level 2 of the Dungeon.
             The game lasted 00:01:52 (1264 turns).

pkoi the Slasher (Formicid Fighter)                 Turns: 1264, Time: 00:01:53

Health: 0/35       AC:  6    Str: 21    XL:     4   Next: 52%
Magic:  4/4        EV:  8    Int:  8    God:
Gold:   116        SH:  9    Dex: 10    Spells: 3/3 levels left

rFire    . . .     SeeInvis +   a - +0 long sword
rCold    . . .     Gourm    .   c - +0 shield
rNeg     . . .     Faith    .   b - +0 scale mail
rPois    .         Spirit   .   (helmet unavailable)
rElec    .         Reflect  .   (no cloak)
rCorr    .         Harm     .   (no gloves)
MR       .....                  (no boots)
Stlth    ..........             (no amulet)
HPRegen  0.11/turn              (no ring)
MPRegen  0.09/turn              (no ring)

@: lethally poisoned (0 -> -9), flying
A: permanent stasis, dig shafts and tunnels, four strong arms, antennae 3
a: Dig, Shaft Self


You were on level 2 of the Dungeon.
You were not hungry.

You visited 1 branch of the dungeon, and saw 2 of its levels.

You collected 116 gold pieces.

Inventory:

Hand Weapons
 a - a +0 long sword (weapon)
Armour
 b - a +0 scale mail (worn)
 c - a +0 shield (worn)
Jewellery
 k - a cursed ring of loudness
Wands
 o - a wand of flame (18)
Scrolls
 j - a scroll of amnesia
 n - 2 scrolls of blinking
Potions
 d - a potion of might
 i - a potion of flight
Comestibles
 f - 3 bread rations
 g - a chunk of flesh
 h - a royal jelly


   Skills:
 - Level 3.2 Fighting
 + Level 4.0 Long Blades
 - Level 3.5 Armour
 - Level 3.9 Shields


You had 3 spell levels left.
You didn't know any spells.

Dungeon Overview and Level Annotations

Branches:
Dungeon (2/15)

Altars:


Innate Abilities, Weirdness & Mutations

You cannot be hasted, slowed, berserked, paralysed or teleported.
You can dig through walls and to a lower floor.
Your four strong arms can wield two-handed weapons with a shield.
You have a pair of large antennae on your head. (SInv)


Message History

Okay, then.
* * * LOW HITPOINT WARNING * * *
You feel sick.
A kobold comes into view. It is wielding a dagger of venom.
The kobold shouts!
The kobold moves out of view.
* * * LOW HITPOINT WARNING * * *
You feel sick.
Your shield and scale mail prevent you from hitting the kobold.
* * * LOW HITPOINT WARNING * * *
You feel sick. The kobold completely misses you.
You riposte.
You closely miss the kobold. You closely miss the kobold.
The kobold hits you but does no damage.
You are lethally poisoned!
The kobold barely misses you.
Your shield prevents you from hitting the kobold.
* * * LOW HITPOINT WARNING * * *
You feel sick. The kobold closely misses you.
You closely miss the kobold.
You die...

.... .. +....... ..
#.... .. . ##...w
#.#.{ { #....# ..#
#....# #.## #....#
#..# #....# ##.##
#....# #§@###+###
#....######K#.....##
+......§§§§§§§{.....
.#
#......§###§#.....#
.... .# ###.....#
#§§.....# .(.. .#
#.....# ##......#
.... .# #.....#
#......# #.. .##
#.....# #......# #
#.. ..### #.....#
#......# #.#..


You could see a kobold.

Vanquished Creatures
  3 adders (D:2)
  A leopard gecko (D:1)
  An orc (D:2)
  6 giant cockroaches
  7 goblins
  4 hobgoblins
  2 jackals (D:1)
  A kobold (D:1)
  A quokka (D:2)
  3 bats
  A frilled lizard (D:2)
  14 rats
44 creatures vanquished.

Notes
Turn   | Place    | Note
-------+----------+-------------------------------------------
     0 | D:1      | pkoi the Formicid Fighter began the quest for the Orb.
     0 | D:1      | Reached XP level 1. HP: 18/18 MP: 1/1
    60 | D:1      | Reached XP level 2. HP: 22/24 MP: 2/2
   242 | D:1      | Reached skill level 3 in Long Blades
   328 | D:1      | Reached XP level 3. HP: 29/29 MP: 3/3
  1201 | D:2      | Reached XP level 4. HP: 35/35 MP: 4/4
  1242 | D:2      | Reached skill level 4 in Long Blades
  1263 | D:2      | HP: 1/35 [poisoned by a kobold]
  1264 | D:2      | Succumbed to a kobold's poison

Vault maps used:
D:1:      dpeg_arrival_rooms_c, minmay_rat_gold_closets

Skill      XL: |  1  2  3  4 |
---------------+-------------+-----
Long Blades    | 3 4 |  4.0
Fighting       | |  3.2
Armour         | |  3.5
Shields        | |  3.9

Action                   |  1- 3 |  4- 6 || total
-------------------------+-------+-------++-------
Melee: Long sword        |   101 |    20 ||   121
  Use: Scroll            |       |     7 ||     7
       Potion            |       |     1 ||     1
  Eat: Chunk             |     1 |       ||     1
Armor: Scale mail        |    47 |    18 ||    65
Dodge: Dodged            |    32 |     7 ||    39
Block: Shield            |    52 |     8 ||    60
       Rpst.: Long sword |    13 |     3 ||    16

Table legend:
 A = Spawn XP
 B = Non-spawn XP
 C = Spawn XP percentage of total XP
 D = Spawn monster count
 E = Non-spawn monster count
 F = Spawn count percentage of total count
 G = Total turns spent on level
                    A         B        C        D         E        F      G
               +---------+---------+-------+---------+---------+-------+---------
         Total |       0 |     106 |   0.0 |       0 |      44 |   0.0 |  1264
               +---------+---------+-------+---------+---------+-------+---------
           D:1 |       0 |      46 |   0.0 |       0 |      30 |   0.0 |   839
           D:2 |       0 |      60 |   0.0 |       0 |      14 |   0.0 |   425
               +---------+---------+-------+---------+---------+-------+---------
